AoeStats
← CursedDice

Arena

507138632Analyzed
1v1 RM · 16d ago on Sep 16, 2026· 42m 6s· 2 players
Game mode
Random Map
Map size
Tiny (2 player)
Population
200
Speed
Normal
Resources
Standard
Victory
Conquest
Starting age
Dark Age
Ending age
Imperial Age
RankedLock teamsTeams togetherTeam positionsShared explorationLock speedFull tech treeHidden civsTurbo modeCheats
Victory
Defeat
🇹🇷 Turks · Türkiye
823
+16
🇪🇸 Malay · Spain
813
-16
CursedDice
3:47 Loom
10:48 Feudal Age
17:30 Castle Age
16:02 Double-Bit Axe
16:00 Horse Collar
19:38 Bow Saw
23:43 Heavy Plow
24:17 Stone Mining
24:17 Gold Mining
25:26 Husbandry
26:10 Wheelbarrow
26:05 Scale Barding Armor
26:48 Forging
28:12 Iron Casting
29:09 Hand Cart
29:42 Stone Shaft Mining
29:42 Gold Shaft Mining
31:13 Fletching
34:24 Imperial Age
31:41 Elite Skirmisher
32:26 Thumb Ring
32:03 Crossbowman
34:13 Guilds
33:29 Cavalier
34:18 Arbalester
38:40 Blast Furnace
MUY
11:30 Feudal Age
12:41 Double-Bit Axe
13:46 Horse Collar
19:41 Castle Age
18:30 Gold Mining
24:34 Imperial Age
27:34 Heavy Plow
27:55 Bow Saw
30:41 Loom
31:15 Padded Archer Armor
33:03 Wheelbarrow
33:53 Leather Archer Armor
35:59 Ring Archer Armor
Connection lost

Rejoining the realm…

Still unreachable

The connection could not be restored.

Session expired

The server has moved on; the page needs a fresh start.